 Dungeon Crawl Stone Soup version 0.28-a0-1143-gcf6077d4cc (webtiles) character file.

Game seed: 14310922955304121895

1420 Gwenloh the Nimble (level 8, 0/38 HPs)
             Began as a Felid Transmuter on Dec 13, 2021.
             Was an Initiate of Yredelemnul.
             Slain by an orc warrior (10 damage)
             ... on level 8 of the Dungeon.
             The game lasted 00:33:56 (12177 turns).

Gwenloh the Nimble (Felid Transmuter)              Turns: 12177, Time: 00:33:57

Health: 0/38       AC:  2    Str:  6    XL:     8   Next: 43%
Magic:  9/12       EV: 32    Int: 18    God:    Yredelemnul [......]
Gold:   389        SH:  0    Dex: 22    Spells: 1/11 levels left
                                        Lives:  0   Deaths: 2

rFire   . . .      SeeInvis +     - Unarmed
rCold   . . .      Faith    .   (shield unavailable)
rNeg    . . .      Spirit   .   (armour unavailable)
rPois   x          Reflect  .   (helmet unavailable)
rElec   .          Harm     .   (cloak unavailable)
rCorr   .          Rampage  .   (gloves unavailable)
Will    +....                   (boots unavailable)
Stlth   ++........              (no amulet)
HPRegen 0.12/turn               c - +4 ring of evasion
MPRegen 0.13/turn               l - ring of wizardry

@: spider-form, wereblooded
A: venomous fangs, tiny, (claws 1), (fangs 3), see invisible, (speed 1), (shaggy
fur 2), (stealthy paws), no weapons or thrown items, no armour, multi-lived
a: End Transformation, Renounce Religion, Recall Undead Harvest


You were on level 8 of the Dungeon.
You worshipped Yredelemnul.
Yredelemnul was noncommittal.
You were a venomous arachnid creature.
You visited 2 branches of the dungeon, and saw 9 of its levels.

You collected 389 gold pieces.

Inventory:

Jewellery
 c - a +4 ring of evasion (left front leg)
 j - a +4 ring of protection
 l - a ring of wizardry (right front leg)
 q - a +6 ring of dexterity
 s - an amulet of magic regeneration
Wands
 i - a wand of polymorph (6)
 p - a wand of charming (10)
Scrolls
 a - 5 scrolls of teleportation
 b - 2 scrolls of fear
 d - a scroll of enchant armour {unknown}
 h - a scroll of fog
 k - a scroll of silence
 n - a scroll of vulnerability
 w - a scroll of holy word
Potions
 e - a potion of magic
 f - a potion of ambrosia {unknown}
 g - a potion of attraction {unknown}
 m - a potion of invisibility {unknown}
 o - a potion of mutation {unknown}
 r - 3 potions of heal wounds {unknown}
 t - a potion of brilliance {unknown}
 u - a potion of berserk rage {unknown}


   Skills:
 + Level 6.0 Fighting
 + Level 8.4 Dodging
 + Level 7.6 Unarmed Combat
 - Level 2.0 Spellcasting
 + Level 7.0 Transmutations
 + Level 4.3 Invocations


You had one spell level left.
You knew the following spells:

 Your Spells              Type           Power      Damage    Failure   Level
a - Beastly Appendage     Tmut           54%        N/A       2%          1
b - Wereblood             Tmut           27%        N/A       2%          2
c - Spider Form           Tmut/Pois      14%        N/A       12%         3
d - Ice Form              Ice/Tmut       14%        N/A       30%         4

Your spell library contained the following spells:

 Spells                   Type           Power      Damage    Failure   Level
 Animate Skeleton         Necr           2%         N/A       16%         1
 Static Discharge         Conj/Air       1%         N/A       21%         2
 Sublimation of Blood     Necr           1%         N/A       21%         2
 Petrify                  Tmut/Erth      14%        N/A       30%         4
 Irradiate                Conj/Tmut      7%         3d15      58%         5
 Dispel Undead            Necr           1%         3d6       71%         4
 Sticky Flame             Conj/Fire      1%         2d3       71%         4
 Agony                    Necr           1%         N/A       94%         5
 Borgnjor's Vile Clutch   Necr/Erth      0%         N/A       94%         5
 Haunt                    Necr/Summ      0%         N/A       100%        7
 Infestation              Necr           0%         N/A       100%        8
 Necromutation            Tmut/Necr      7%         N/A       100%        8


Dungeon Overview and Level Annotations

Branches:
Dungeon (8/15)             Temple (1/1) D:5
   Lair: D:8-11

Altars:
Ashenzari
Cheibriados
Dithmenos
Elyvilon
Fedhas
Gozag
Hepliaklqana
Kikubaaqudgha
Makhleb
Nemelex Xobeh
Okawaru
Qazlal
Ru
Sif Muna
Trog
Uskayaw
Vehumet
Wu Jian
Xom
Yredelemnul
Zin
The Shining One

Shops:
D:5 [


Innate Abilities, Weirdness & Mutations

You are a venomous arachnid creature.
You have poisonous fangs.
You are tiny and dextrous.
Your spellcasting is less reliable in this form.
((You have sharp claws.))
((You have razor-sharp teeth.))
You have supernaturally acute eyesight. (SInv)
((You cover ground quickly. (Speed+)))
((You are covered in thick fur. (AC +2)))
((Your paws help you pounce on unaware monsters.))
You are incapable of wielding weapons or throwing items.
You cannot wear armour.
You gain extra lives every three experience levels.


Message History

Beogh smites you!
You hit the orc wizard.
The orc wizard looks as sick as possible!
The orc wizard is severely wounded.
You hiss as the wereblood boils in your veins!
The orc wizard completely misses you. The orc closely misses you.
You hit the orc wizard.
The orc wizard looks as sick as possible!
The orc wizard is almost dead.
The orc wizard casts a spell at you. You resist with almost no effort.
You hit the orc wizard.
You feel a bit better.
You kill the orc wizard!
You hiss as the wereblood boils in your veins!
The orc completely misses you.
You hit the orc priest.
The orc priest is poisoned.
The orc priest is lightly wounded.
The orc warrior hits you with a +0 battleaxe.
The orc priest hits you with a +0 dagger.
The orc completely misses you.
You hit the orc priest.
The orc priest looks as sick as possible!
The orc priest is heavily wounded.
The orc warrior completely misses you.
The orc priest hits you with a +0 dagger.
The orc misses you.
You barely miss the orc priest.
The orc priest is severely wounded.
The orc warrior completely misses you. The orc priest completely misses you.
The orc closely misses you.
You barely miss the orc warrior.
The orc warrior hits you with a +0 battleaxe!
* * * LOW HITPOINT WARNING * * *
The orc priest completely misses you. The orc completely misses you.
You bite the orc priest!
You feel a bit better.
You kill the orc priest!
A black mist starts to gather...
The orc warrior hits you with a +0 battleaxe!
You die...
Your body rises from the dead as a mindless zombie.

##.# ...# ..# # ..#
.# # #'# ..#
#..####Z###..##.
......)o........
......os........
#....###.###### #..
#.###.## . #......#
#(.....# ## ##.#####
#..############'##.#
#..................#
#.....<...........(#


You could see an orc warrior, an orc and a friendly orc priest zombie.

Vanquished Creatures
  A troll (D:6)
  A wyvern (D:7)
  A water moccasin (D:6)
  An ice beast (D:7)
  A black bear (D:4)
  2 orc warriors
  A sky beast (D:7)
  3 ogres
  A necrophage (D:8)
  2 centaurs
  A phantom (D:5)
  2 bullfrogs
  A kobold brigand (D:7)
  A scorpion (D:5)
  2 wyvern skeletons (D:6)
  A water moccasin zombie (D:7)
  A water moccasin skeleton (D:5)
  A wight (D:7)
  2 bullfrog zombies
  3 orc priests
  2 hounds
  3 centaur skeletons
  A gnoll shaman (D:7)
  Jessica (D:2)
  3 iguanas
  An orc wizard (D:8)
  Natasha (thrice) (D:4)
  A scorpion zombie (D:5)
  A hound skeleton (D:4)
  14 gnolls
  8 adders
  2 white imps (D:7)
  3 ufetubi (D:5)
  An adder skeleton (D:4)
  3 worms
  3 dart slugs
  8 orcs
  9 ball pythons
  8 endoplasms
  5 giant cockroaches
  8 hobgoblins
  7 jackals
  2 quokkas
  6 bats
  11 frilled lizards
  6 goblins
  8 kobolds
  6 rats
163 creatures vanquished.

Vanquished Creatures (collateral kills)
  A bullfrog (D:7)
  A water moccasin skeleton (D:6)
  A jelly (D:6)
  A gnoll shaman (D:7)
  2 gnolls (D:7)
  A howler monkey skeleton (D:7)
  A white imp (D:5)
  An orc (D:7)
9 creatures vanquished.

Vanquished Creatures (others)
  2 bullfrog zombies
  A centaur zombie (D:7)
  An ogre zombie (D:6)
  A hound zombie (D:7)
  A spectral jelly (D:6)
  3 gnoll zombies (D:7)
  3 orc zombies (D:7)
  3 fungi (D:2)
  11 plants
26 creatures vanquished.

Grand Total: 198 creatures vanquished

Notes
Turn   | Place    | Note
-------+----------+-------------------------------------------
     0 | D:1      | Gwenloh the Felid Transmuter began the quest for the Orb.
     0 | D:1      | Reached XP level 1. HP: 9/9 MP: 4/4
   356 | D:1      | Reached XP level 2. HP: 12/12 MP: 4/6
   507 | D:1      | Reached skill level 3 in Dodging
   872 | D:1      | You fall into a shaft and drop 1 floor!
   879 | D:2      | Found a faded altar of an unknown god.
  1452 | D:1      | Learned a level 2 spell: Wereblood
  1628 | D:1      | Reached XP level 3. HP: 12/15 MP: 7/7
  2221 | D:2      | Noticed Jessica
  2227 | D:2      | Killed Jessica
  2228 | D:2      | Reached XP level 4. HP: 19/19 MP: 6/8
  2232 | D:2      | Learned a level 3 spell: Spider Form
  4166 | D:4      | Noticed an orc warrior
  4435 | D:4      | Reached XP level 5. HP: 12/22 MP: 3/9
  4444 | D:4      | Reached skill level 4 in Dodging
  4585 | D:4      | Noticed Natasha
  4598 | D:4      | Killed Natasha
  4668 | D:4      | Noticed Natasha
  4865 | D:4      | Killed Natasha
  5042 | D:4      | Noticed Natasha
  5096 | D:4      | Killed Natasha
  5097 | D:4      | Gained mutation: You are covered in thick fur. (AC +2)
                  | [Felid growth]
  5097 | D:4      | Reached XP level 6. HP: 21/27 MP: 6/10
  5180 | D:4      | Reached skill level 5 in Unarmed Combat
  5814 | D:4      | Reached skill level 5 in Dodging
  5900 | D:4      | Killed an orc warrior
  5901 | D:4      | Reached XP level 7. HP: 14/31 MP: 5/11
  6146 | D:5      | Entered Level 5 of the Dungeon
  6309 | D:4      | Learned a level 4 spell: Ice Form
  6890 | D:5      | Found a staircase to the Ecumenical Temple.
  6903 | Temple   | Entered the Ecumenical Temple
  7150 | Temple   | Became a worshipper of Yredelemnul the Dark
  7209 | D:5      | Reached skill level 6 in Dodging
  7546 | D:5      | Found a shadowy altar of Dithmenos.
  7609 | D:5      | Reached skill level 5 in Transmutations
  7825 | D:5      | Found Areocopt's Armour Shoppe.
  8156 | D:6      | Reached skill level 1 in Invocations
  8156 | D:6      | Reached XP level 8. HP: 36/36 MP: 7/12
  8528 | D:6      | Reached * piety under Yredelemnul
  8804 | D:6      | Noticed a troll
  9227 | D:6      | Killed a troll
  9228 | D:6      | Reached skill level 5 in Fighting
  9228 | D:6      | Reached skill level 7 in Dodging
 10167 | D:7      | Reached XP level 9. HP: 39/40 MP: 9/13
 10309 | D:7      | HP: 1/48 [wyvern (3)]
 10310 | D:7      | Slain by a wyvern
 10311 | D:7      | Reached XP level 8. HP: -5/44 MP: 11/12
 10772 | D:7      | Identified a scroll of acquirement
 10774 | D:7      | Acquired the Tome of Black Rituals
 10815 | D:7      | HP: 1/44 [gnoll (3)]
 10822 | D:7      | Slain by a wyvern
 10823 | D:7      | Reached XP level 7. HP: -4/39 MP: 6/11
 10915 | D:7      | Reached skill level 8 in Dodging
 11023 | D:7      | Reached XP level 8. HP: 21/38 MP: 8/12
 12060 | D:7      | Reached ** piety under Yredelemnul
 12177 | D:8      | Slain by an orc warrior

Illustrated notes

Levels and vault maps discovered:
D:1:      lemuel_arrival_muddy, layout_basic
D:2:      layout_basic, shapermc_ecumenical_altar_mp_urbaneastern, uniq_jessica
D:3:      layout_basic, nicolae_figureground_sparkle
D:4:      layout_rooms, serial_park_tiny_pond, st_stairs_4, minmay_lizard_king,
          uniq_natasha
D:5:      layout_rooms, mainiacjoe_overflow_brackets,
          minmay_temple_entry_junction_2, serial_shops, shop, serial_curves,
          eino_curves_03, eino_curves_01
D:6:      layout_basic
D:7:      layout_loops_cross, minmay_puff
D:8:      layout_gridville
Temple:   minmay_crystal_snake_temple

Skill      XL: |  1  2  3  4  5  6  7  8 |
---------------+-------------------------+-----
Dodging        | 3 4 5 8 7 |  8.4
Fighting       | 2 3 4 6 |  6.0
Unarmed Combat | 4 5 6 7 |  7.6
Transmutations | 3 4 5 7 |  7.0
Invocations    | 1 4 |  4.3
Spellcasting   | |  2.0

Action                   |  1- 3 |  4- 6 |  7- 9 || total
-------------------------+-------+-------+-------++-------
Melee: Unarmed           |    91 |   185 |   317 ||   593
       Headbutt          |    14 |    15 |    14 ||    43
       Bite              |     8 |     8 |    19 ||    35
       Punch             |     1 |     6 |     7 ||    14
 Cast: Beastly Appendage |    26 |    31 |    18 ||    75
       Wereblood         |     2 |     8 |     5 ||    15
       Spider Form       |       |     9 |    11 ||    20
       Ice Form          |       |       |    12 ||    12
Invok: Recall Undead Har |       |       |     1 ||     1
  Use: Scroll            |       |     4 |     8 ||    12
 Stab: Sleeping          |     1 |     2 |       ||     3
       Distracted        |       |       |     2 ||     2
Armor: Skin              |       |     3 |    18 ||    21
Dodge: Dodged            |    63 |   164 |   352 ||   579

Table legend: (Time is in decaauts)
 A = Elapsed time spent in this place.
 B = Non-inter-level travel time spent in this place.
 C = Inter-level travel time spent in this place.
 D = Time resting spent in this place.
 E = Time spent auto-exploring this place.
 F = Levels seen in this place.
 G = Mean time per level.
                   A        B        C        D        E       F      G
               +--------+--------+--------+--------+--------+-----+--------+
         Total |  11088 |  10790 |    298 |   2381 |   6513 |   9 | 1232.0 |
       Dungeon |  10870 |  10596 |    274 |   2381 |   6345 |   8 | 1358.8 |
        Temple |    218 |    194 |     24 |      0 |    167 |   1 |  218.0 |
               +--------+--------+--------+--------+--------+-----+--------+

Top non-repeatable levels by time:
     D:7: 2014 daAuts
     D:6: 1691 daAuts
     D:4: 1628 daAuts
     D:3: 1480 daAuts
     D:2: 1392 daAuts
     D:5: 1322 daAuts
     D:1: 1273 daAuts
  Temple: 218 daAuts
     D:8: 66 daAuts
